 Dungeon Crawl Stone Soup version 0.31-a0-161-gb58dd9be76 (webtiles) character file.

Game seed: 13583934150401535067

217 qw the Shooter (level 5, 0/49 HPs)
             Began as a Naga Hunter on June 12, 2023.
             Slain by Pikel
             ... wielding a +2 whip of flaming
              (2 damage)
             ... on level 4 of the Dungeon.
             The game lasted 00:01:02 (2345 turns).

qw the Shooter (Naga Hunter)                        Turns: 2345, Time: 00:01:03

Health: 0/49       AC:  3    Str: 13    XL:     5   Next: 94%
Magic:  5/5        EV:  9    Int: 10    God:
Gold:   114        SH:  0    Dex: 16    Spells: 4/4 levels left

rFire   . . .        Y - +0 shortbow (flame)
rCold   . . .        (shield currently unavailable)
rNeg    . . .        c - +0 leather armour
rPois   +            (no helmet)
rElec   .            (no cloak)
rCorr   +            (no gloves)
SInv    +            (no barding)
Will    .....        l - amulet of faith
Stlth   ++           d - ring of resist corrosion
HPRegen 0.28/turn    (no ring)
MPRegen 0.09/turn

%: faith
@: about to teleport, short of breath, very slow
A: AC +1, large, see invisible, deformed body, poison resistance, slowness 2,
spit poison 1, naga tail 1
a: Spit Poison


You were on level 4 of the Dungeon.
You visited 1 branch of the dungeon, and saw 4 of its levels.

You collected 205 gold pieces.
You spent 91 gold pieces at shops.


Innate Abilities, Weirdness & Mutations

Your serpentine skin is tough. (AC +1)
You have supernaturally acute eyesight. (SInv)
Armour fits poorly on your strangely shaped body.
Your system is resistant to poisons. (rPois)
You cover ground very slowly.
You can spit poison.
You have a snake-like lower body.


   Skills:
 - Level 3.4 Fighting
 + Level 5.7 Ranged Weapons
 - Level 1.5 Dodging
 - Level 1.5 Stealth


You had 4 spell levels left.
You didn't know any spells.
Your spell library was empty.

Inventory:

Hand Weapons
 Y - a +0 shortbow of flaming (weapon)
Armour
 c - a +0 leather armour (worn)
 e - a +0 cloak
Jewellery
 d - a ring of resist corrosion (left hand)
 l - an amulet of faith (around neck)
Scrolls
 a - 2 scrolls of identify
 f - a scroll of poison {unknown}
Potions
 g - 4 potions of curing
 h - a potion of haste
 j - 2 potions of might
 k - a potion of mutation

Dungeon Overview and Level Annotations

Branches:
Dungeon (4/15)
 Temple: D:4-7

Altars:

Shops:
D:2 !!=[*   D:3 (

Annotations:
D:4 Pikel


Message History

Pikel burns you. Pikel barely misses you.
You shoot an arrow. The arrow barely misses Pikel.
The arrow hits the lemure.
The arrow burns the lemure.
The lemure is severely wounded.
You have got your breath back.
Pikel closely misses you.
2340 ||| INVOKING Spit Poison.
Aiming: Spit Poison (1% risk of failure)
Press: ? - help, Shift-Dir - straight line, f/p - Pikel The splash of poison misses Pikel.
The splash of poison hits the lemure.
The lemure is poisoned.
The lemure is severely wounded.
Pikel hits you with a +2 whip of flaming.
Pikel burns you.
You shoot an arrow. The arrow misses Pikel.
The arrow hits the lemure.
The arrow burns the lemure.
The lemure is almost dead.
Pikel hits you with a +2 whip of flaming.
Pikel burns you.
You shoot an arrow. The arrow barely misses Pikel.
The arrow hits the lemure.
The arrow burns the lemure.
You kill the lemure!
That felt strangely unrewarding.
You have got your breath back.
Pikel closely misses you.
2343 ||| INVOKING Spit Poison.
Aiming: Spit Poison (1% risk of failure)
Press: ? - help, Shift-Dir - straight line, f/p - Pikel The splash of poison hits Pikel.
Pikel is severely wounded.
Pikel hits you with a +2 whip of flaming.
Pikel burns you.
2344 ||| READING scroll of teleportation.
As you read the scroll of teleportation, it crumbles to dust.
You feel strangely unstable. Pikel barely misses you.
You shoot an arrow. The arrow misses Pikel.
The arrow closely misses the lemure.
Pikel hits you with a +2 whip of flaming.
Pikel burns you.
You die...

..$<...... ........ #...#
....... #..[# ..... ..
#...# .... .. #...#
#5.... #...# #K##.# #...#
#
.#######@##.######..#####
.........................
.#######..#.#####..####..
#.....####..####.#
#.##..##....##....
#####.###....#..##....
#........#..##.###....
#........#..##.# #####
#........#..##.#


You could see Pikel and a lemure.

Vanquished Creatures
  3 lemures (D:4)
  An orc priest (D:3)
  An iguana (D:2)
  A sleepcap (D:3)
  Jessica (D:2)
  An adder (D:2)
  2 worms
  A dart slug (D:1)
  4 orcs
  6 bats
  6 endoplasms
  5 giant cockroaches
  5 goblins
  6 hobgoblins
  14 jackals
  8 kobolds
  2 quokkas (D:1)
  7 ball pythons
  5 frilled lizards
  2 rats (D:1)
81 creatures vanquished.

Notes
Turn   | Place    | Note
-------+----------+-------------------------------------------
     0 | D:1      | qw the Naga Hunter began the quest for the Orb.
     0 | D:1      | Reached XP level 1. HP: 19/19 MP: 1/1
     0 | D:1      | 0 ||| qw: Version: 0.2-a-29-gc1b59c4
     0 | D:1      | 0 ||| qw: Game counter: 4241
     0 | D:1      | 0 ||| qw: Always use a shield: true
     0 | D:1      | 0 ||| qw: God list: Okawaru
     0 | D:1      | 0 ||| qw: Allow faded altars: false
     0 | D:1      | 0 ||| qw: Do Orc after D:15 true
     0 | D:1      | 0 ||| qw: Do second Lair branch before Depths: true
     0 | D:1      | 0 ||| qw: Lair rune preference: random
     0 | D:1      | 0 ||| qw: Plans: Normal
     0 | D:1      | 0 ||| PLANNING D:1-11
     6 | D:1      | 6 ||| INVOKING Spit Poison.
    19 | D:1      | 19 ||| INVOKING Spit Poison.
    24 | D:1      | 24 ||| INVOKING Spit Poison.
    30 | D:1      | 30 ||| INVOKING Spit Poison.
    31 | D:1      | Reached skill level 4 in Ranged Weapons
    31 | D:1      | Reached XP level 2. HP: 8/26 MP: 2/2
    35 | D:1      | 35 ||| INVOKING Spit Poison.
    81 | D:1      | 81 ||| INVOKING Spit Poison.
   131 | D:1      | 131 ||| INVOKING Spit Poison.
   134 | D:1      | 134 ||| INVOKING Spit Poison.
   155 | D:1      | 155 ||| INVOKING Spit Poison.
   182 | D:1      | 182 ||| INVOKING Spit Poison.
   195 | D:1      | 195 ||| INVOKING Spit Poison.
   237 | D:1      | 237 ||| INVOKING Spit Poison.
   248 | D:1      | 248 ||| INVOKING Spit Poison.
   259 | D:1      | 259 ||| INVOKING Spit Poison.
   283 | D:1      | 283 ||| INVOKING Spit Poison.
   342 | D:1      | 342 ||| INVOKING Spit Poison.
   364 | D:1      | 364 ||| INVOKING Spit Poison.
   365 | D:1      | Reached XP level 3. HP: 32/32 MP: 3/3
   440 | D:1      | 440 ||| INVOKING Spit Poison.
   470 | D:1      | 470 ||| INVOKING Spit Poison.
   488 | D:1      | 488 ||| INVOKING Spit Poison.
   489 | D:1      | 489 ||| INVOKING Spit Poison.
   546 | D:1      | 546 ||| INVOKING Spit Poison.
   699 | D:1      | 699 ||| UPGRADING to amulet of guardian spirit.
   704 | D:1      | 704 ||| UPGRADING to ring of resist corrosion.
   705 | D:1      | 705 ||| DROPPING +6 ring of intelligence.
   706 | D:1      | 706 ||| READING 2 scrolls labelled VAMUSA WO LUED.
   707 | D:1      | 707 ||| READING scroll labelled UTIOBA LIPS.
   708 | D:1      | 708 ||| DROPPING scroll of butterflies.
   745 | D:2      | 745 ||| INVOKING Spit Poison.
   751 | D:2      | 751 ||| STAIRDANCE
   753 | D:1      | 753 ||| INVOKING Spit Poison.
   767 | D:2      | Found a faded altar of an unknown god.
   778 | D:2      | 778 ||| INVOKING Spit Poison.
   783 | D:2      | Found Qehioral's Jewellery Boutique.
   786 | D:2      | 786 ||| INVOKING Spit Poison.
   792 | D:2      | 792 ||| INVOKING Spit Poison.
   795 | D:2      | 795 ||| INVOKING Spit Poison.
   802 | D:2      | 802 ||| SHOPLISTING +4 ring of protection (504 gold, have
                  | 83).
   802 | D:2      | 802 ||| SHOPLISTING ring "Puiwnox" {rElec rCorr} (476 gold,
                  | have 83).
   802 | D:2      | 802 ||| SHOPLISTING ring of protection from cold (350 gold,
                  | have 83).
   802 | D:2      | 802 ||| SHOPLISTING ring of protection from fire (350 gold,
                  | have 83).
   802 | D:2      | 802 ||| SHOPLISTING ring of willpower (350 gold, have 83).
   832 | D:2      | Found Epseloarokk's General Store.
   840 | D:2      | 840 ||| SHOPLISTING +0 ring mail of fire resistance (132
                  | gold, have 83).
   840 | D:2      | 840 ||| SHOPLISTING scroll of enchant armour (90 gold, have
                  | 83).
   844 | D:2      | 844 ||| INVOKING Spit Poison.
   848 | D:2      | Found Gaemuuc's Antique Armour Boutique.
   849 | D:2      | 849 ||| INVOKING Spit Poison.
   859 | D:2      | 859 ||| SHOPLISTING pair of gloves (85 gold, have 83).
   866 | D:2      | 866 ||| INVOKING Spit Poison.
   868 | D:2      | Reached skill level 5 in Ranged Weapons
   868 | D:2      | Reached XP level 4. HP: 39/39 MP: 4/4
   895 | D:2      | 895 ||| INVOKING Spit Poison.
   926 | D:2      | 926 ||| INVOKING Spit Poison.
   927 | D:2      | 927 ||| INVOKING Spit Poison.
   975 | D:2      | Found Poirov's Distillery.
   976 | D:2      | 976 ||| INVOKING Spit Poison.
   983 | D:2      | 983 ||| INVOKING Spit Poison.
  1015 | D:2      | 1015 ||| INVOKING Spit Poison.
  1019 | D:2      | Found Teziopn's Distillery.
  1021 | D:2      | 1021 ||| SHOPLISTING 2 potions of might (104 gold, have
                  | 98).
  1021 | D:2      | 1021 ||| BUYING potion of curing (39 gold).
  1021 | D:2      | Bought a potion of curing for 39 gold pieces
  1021 | D:2      | 1021 ||| SHOPLISTING potion of haste (130 gold, have 59).
  1021 | D:2      | 1021 ||| BUYING potion of might (52 gold).
  1021 | D:2      | Bought a potion of might for 52 gold pieces
  1021 | D:2      | 1021 ||| SHOPLISTING potion of might (52 gold, have 7).
  1023 | D:2      | 1023 ||| INVOKING Spit Poison.
  1029 | D:2      | 1029 ||| INVOKING Spit Poison.
  1038 | D:2      | 1038 ||| INVOKING Spit Poison.
  1042 | D:2      | 1042 ||| INVOKING Spit Poison.
  1046 | D:2      | 1046 ||| INVOKING Spit Poison.
  1157 | D:2      | 1157 ||| SHOPLISTING potion of curing (39 gold, have 7).
  1157 | D:2      | 1157 ||| SHOPLISTING potion of might (52 gold, have 7).
  1157 | D:2      | 1157 ||| SHOPLISTING potion of mutation (104 gold, have 7).
  1174 | D:2      | Noticed Jessica
  1177 | D:2      | 1177 ||| INVOKING Spit Poison.
  1177 | D:2      | Killed Jessica
  1178 | D:2      | Reached skill level 3 in Fighting
  1178 | D:2      | Reached XP level 5. HP: 49/49 MP: 5/5
  1220 | D:2      | 1220 ||| INVOKING Spit Poison.
  1226 | D:2      | 1226 ||| INVOKING Spit Poison.
  1300 | D:2      | 1300 ||| INVOKING Spit Poison.
  1306 | D:2      | 1306 ||| INVOKING Spit Poison.
  1323 | D:2      | 1323 ||| INVOKING Spit Poison.
  1405 | D:2      | 1405 ||| READING 2 scrolls labelled JOOZIU XOKAEHOCHER.
  1409 | D:2      | 1409 ||| READING scroll labelled WATRUR XEUQEEM.
  1410 | D:2      | 1410 ||| DRINKING 3 yellow potions.
  1411 | D:2      | 1411 ||| READING 3 scrolls of identify.
  1411 | D:2      | 1411 ||| IDENTIFYING bubbling cyan potion
  1412 | D:2      | 1412 ||| READING 2 scrolls of identify.
  1412 | D:2      | 1412 ||| IDENTIFYING green potion
  1413 | D:2      | 1413 ||| DROPPING 2 potions of enlightenment.
  1441 | D:3      | 1441 ||| INVOKING Spit Poison.
  1445 | D:3      | 1445 ||| INVOKING Spit Poison.
  1453 | D:3      | 1453 ||| INVOKING Spit Poison.
  1466 | D:3      | 1466 ||| INVOKING Spit Poison.
  1471 | D:3      | 1471 ||| INVOKING Spit Poison.
  1474 | D:3      | 1474 ||| INVOKING Spit Poison.
  1510 | D:3      | 1510 ||| INVOKING Spit Poison.
  1511 | D:3      | 1511 ||| INVOKING Spit Poison.
  1521 | D:3      | 1521 ||| INVOKING Spit Poison.
  1550 | D:3      | 1550 ||| INVOKING Spit Poison.
  1551 | D:3      | Found Vapho's Antique Weapon Shop.
  1600 | D:3      | 1600 ||| INVOKING Spit Poison.
  1623 | D:3      | 1623 ||| INVOKING Spit Poison.
  1626 | D:3      | 1626 ||| INVOKING Spit Poison.
  1841 | D:3      | 1841 ||| INVOKING Spit Poison.
  2112 | D:3      | 2112 ||| UPGRADING to amulet of faith.
  2122 | D:3      | 2122 ||| DROPPING amulet of guardian spirit.
  2123 | D:3      | 2123 ||| READING scroll labelled ETSAHIE AFYG.
  2124 | D:3      | 2124 ||| READING scroll labelled KIKKAN RYHAC.
  2218 | D:4      | 2218 ||| INVOKING Spit Poison.
  2224 | D:4      | Noticed a lemure
  2226 | D:4      | Noticed a lemure
  2227 | D:4      | 2227 ||| INVOKING Spit Poison.
  2234 | D:4      | 2234 ||| INVOKING Spit Poison.
  2235 | D:4      | Killed a lemure
  2241 | D:4      | 2241 ||| INVOKING Spit Poison.
  2243 | D:4      | Killed a lemure
  2329 | D:4      | Noticed a lemure
  2331 | D:4      | Noticed Pikel
  2332 | D:4      | 2332 ||| INVOKING Spit Poison.
  2332 | D:4      | Noticed a lemure
  2337 | D:4      | 2337 ||| INVOKING Spit Poison.
  2340 | D:4      | 2340 ||| INVOKING Spit Poison.
  2342 | D:4      | Killed a lemure
  2343 | D:4      | 2343 ||| INVOKING Spit Poison.
  2343 | D:4      | HP: 8/49 [Pikel/+2 whip of flaming (5)]
  2344 | D:4      | 2344 ||| READING scroll of teleportation.
  2345 | D:4      | HP: 2/49 [Pikel/+2 whip of flaming (6)]
  2345 | D:4      | Slain by Pikel

Levels and vault maps discovered:
D:1:      onia_arrival_pyramid, layout_loops_cross
D:2:      layout_rooms, serial_shops, shop, shop, shop, shop, shop,
          ebering_ecumenical_altar_webs, uniq_jessica
D:3:      layout_loops_ring, serial_shops, nicolae_shop_stone, chequers_avenue
D:4:      layout_rooms, uniq_pikel

Skill      XL: |  1  2  3  4 |
---------------+-------------+-----
Ranged Weapons | 4 5 |  5.7
Fighting       | 3 |  3.4
Dodging        | |  1.5
Stealth        | |  1.5

Action                     |  1- 3 |  4- 6 || total
---------------------------+-------+-------++-------
   Fire: Shortbow          |    63 |   125 ||   188
Ability: Spit Poison       |    30 |    37 ||    67
    Use: Scroll            |     2 |     7 ||     9
         Potion            |       |     1 ||     1
 Armour: Leather armour    |     8 |    16 ||    24
  Dodge: Dodged            |    22 |    34 ||    56

Table legend:
 A = Non-vault XP
 B = Vault XP
 C = Vault XP percentage of total XP
 D = Non-vault monster count
 E = Vault monster count
 F = Vault count percentage of total count
                 A         B        C        D         E       F
            +---------+---------+-------+---------+---------+-------
      Total |     273 |      37 |  11.9 |      77 |       1 |   1.3
            +---------+---------+-------+---------+---------+-------
        D:1 |      49 |       0 |   0.0 |      28 |       0 |   0.0
        D:2 |      99 |      37 |  27.2 |      26 |       1 |   3.7
        D:3 |     116 |       0 |   0.0 |      20 |       0 |   0.0
        D:4 |       9 |       0 |   0.0 |       3 |       0 |   0.0
            +---------+---------+-------+---------+---------+-------
